 Dungeon Crawl Stone Soup version 0.18-a0-1372-gd644665 (webtiles) character file.

3241 wvc the Basher (level 9, -15/67 HPs)
             Began as a Centaur Gladiator on Feb 21, 2016.
             Was a Believer of Okawaru.
             Killed by divine providence
             ... invoked by an orc priest
              (16 damage)
             ... on level 8 of the Dungeon.
             The game lasted 00:16:48 (7929 turns).

wvc the Basher (Centaur Gladiator)                  Turns: 7929, Time: 00:16:48

Health: -15/67     AC:  8    Str: 19    XL:     9   Next: 67%
Magic:  18/18      EV:  5    Int:  9    God:    Okawaru [**....]
Gold:   126        SH: 15    Dex: 10    Spells: 0 memorised, 8 levels left

rFire  + . .     SeeInvis .     y - +7 whip of Fulypo Exzo {venom, rC+ rN+}
rCold  + . .     Gourm    .     m - +1 ring mail {rPois}
rNeg   + . .     Faith    .     p - +2 large shield
rPois  +         Spirit   .     (no helmet)
rElec  .         Dismiss  .     (no cloak)
rCorr  .         Reflect  .     q - +1 pair of gloves
SustAt .         Harm     .     (no barding)
MR     .....                    (no amulet)
Stlth  ..........               d - ring of protection from fire
                                v - ring of magical power

@: about to teleport, drained, very quick, not resistant to hostile
enchantments, extremely unstealthy
A: hooves 3, deformed body, speed 2, tough skin 3
a: Heroism, Renounce Religion


You were on level 8 of the Dungeon.
You worshipped Okawaru.
Okawaru was pleased with you.
You were not hungry.

You visited 1 branch of the dungeon, and saw 8 of its levels.

You collected 406 gold pieces.
You spent 280 gold pieces at shops.

Inventory:

Hand Weapons
 a - a +0 long sword
 w - a +1 dagger of venom
 y - the +7 whip of Fulypo Exzo (weapon) {venom, rC+ rN+}
   (You found it on level 5 of the Dungeon)

   It poisons the flesh of those it strikes.
   It protects you from cold.
   It protects you from negative energy.
Missiles
 k - 155 stones (quivered)
 o - 8 tomahawks
Armour
 c - a +0 helmet
 g - a +1 plate armour of positive energy
 m - a +1 ring mail of poison resistance (worn)
 p - a +2 large shield (worn)
 q - a +1 pair of gloves (worn)
Magical Staves
 r - an uncursed staff of cold
Jewellery
 d - a ring of protection from fire (right hand)
 v - a ring of magical power (left hand)
 z - an uncursed ring of ice
 B - an uncursed ring of protection from cold {unknown}
Wands
 b - a wand of confusion (6/48)
 e - a wand of disintegration (7/24)
 u - a wand of random effects (21/48)
 D - a wand of flame (23/48)
Scrolls
 l - 5 scrolls of remove curse
 x - 2 scrolls of immolation
 C - 2 scrolls of identify
 E - a scroll of recharging {unknown}
Potions
 h - a potion of lignification
 i - 4 potions of curing
 j - 3 potions of haste
 s - 2 potions of agility
 A - a potion of brilliance
Comestibles
 f - 6 bread rations
 t - 4 fruits


   Skills:
 - Level 2.0(1.5) Fighting
 - Level 6.0(5.5) Long Blades
 * Level 9.7(9.2) Maces & Flails
 - Level 2.1(1.7) Throwing
 - Level 1.0(0.6) Armour
 - Level 2.1(1.7) Dodging
 - Level 4.3(3.8) Shields


You had 8 spell levels left.
You didn't know any spells.

Dungeon Overview and Level Annotations

Branches:
Dungeon (8/15)             Temple (0/1) D:6
   Lair: D:8-11

Altars:
Ashenzari
Gozag
Nemelex Xobeh
Okawaru
Sif Muna

Shops:
D:7 (

Annotations:
D:3 M4edhros's ghost, amateur OpMo
D:5 Blork the orc
D:8 Joseph


Innate Abilities, Weirdness & Mutations

You have hooves in place of feet.
Armour fits poorly on your strangely shaped body.
You cover ground very quickly.
You have extremely tough skin (AC +3).


Message History

You partially resist.
You feel drained.
* * * LOW HITPOINT WARNING * * *
Unknown command.
You barely miss Joseph. Your kick misses Joseph.
Joseph is heavily wounded.
The centaur hits you but does no damage.
You block the orc's attack. The wight hits you but does no damage.
You block the orc priest's attack.
Joseph hits you with an uncursed quarterstaff of draining.
* * * LOW HITPOINT WARNING * * *
You partially resist.
You feel drained. You block the centaur's attack.
You whack the orc priest!
The orc priest is severely wounded.
The wight hits you with an enchanted hand axe!
* * * LOW HITPOINT WARNING * * *
You partially resist.
You feel drained. The centaur hits you.
* * * LOW HITPOINT WARNING * * *
The orc priest calls down the wrath of Beogh upon you.
Beogh smites you!
You die...

# #.##.# ##....... ##
....# #.......# .# #..#
#.......#
.#####.)#######.......#
.....#.)..............
####..[))...())......#
####.....(((oz###.
#.........c{#
#<......(oz@# ##
#.(.......Ho@..# .#
##................# .#
#.................# .#
##.##....#####.....#
.###.....#>.# >....#
.......###.## .......
.#....#### . .##.#..
)).#.........


You could see Joseph, a hippogriff, a centaur, 2 wights, an orc priest and 2
orcs.

Vanquished Creatures
  Pikel (D:4)
  A two-headed ogre (D:8)
  A wyvern (D:7)
  4 orc warriors
  A sky beast (D:5)
  A phantom (D:5)
  An ogre (D:5)
  2 centaurs
  A big kobold (D:7)
  A giant frog (D:6)
  A gnoll sergeant (D:5)
  A water moccasin skeleton (D:8)
  2 wights (D:8)
  2 crimson imps
  A giant frog zombie (D:5)
  A jelly (D:5)
  6 orc priests
  A hound (D:5)
  2 centaur skeletons
  5 iguanas
  10 orc wizards
  7 worker ants
  A hound zombie (D:6)
  10 adders
  8 gnolls
  A shadow imp (D:5)
  An ooze (D:5)
  4 worms
  3 giant geckos
  36 orcs
  5 bats (D:1)
  5 giant cockroaches
  9 goblins
  7 hobgoblins
  9 jackals
  3 quokkas
  A giant gecko zombie (D:5)
  6 giant newts
  A jackal zombie (D:5)
  15 kobolds
  2 rats
180 creatures vanquished.

Vanquished Creatures (others)
  A scorpion (D:4)
  A centaur skeleton (D:4)
  A worker ant (D:4)
3 creatures vanquished.

Grand Total: 183 creatures vanquished

Notes
Turn   | Place    | Note
--------------------------------------------------------------
     0 | D:1      | wvc the Centaur Gladiator began the quest for the Orb.
     0 | D:1      | Reached XP level 1. HP: 17/17 MP: 1/1
   114 | D:1      | Reached skill level 3 in Long Blades
   331 | D:1      | Reached XP level 2. HP: 24/24 MP: 2/2
   869 | D:2      | Reached XP level 3. HP: 25/29 MP: 3/3
  1257 | D:2      | Found an opulent altar of Gozag.
  1422 | D:2      | Reached skill level 1 in Armour
  1615 | D:3      | Noticed M4edhros's ghost (amateur OpMo)
  1632 | D:2      | Reached skill level 4 in Long Blades
  1632 | D:2      | Reached XP level 4. HP: 17/36 MP: 4/4
  1891 | D:3      | HP: 1/36 [M4edhros's ghost (7)]
  2467 | D:3      | Reached skill level 1 in Shields
  2654 | D:3      | Reached XP level 5. HP: 25/41 MP: 5/5
  3046 | D:4      | Found a sparkling altar of Nemelex Xobeh.
  3416 | D:4      | Noticed a slave
  3416 | D:4      | Noticed a slave
  3417 | D:4      | Noticed Pikel
  3418 | D:4      | Noticed a slave
  3420 | D:4      | Noticed a slave
  3440 | D:4      | Killed Pikel
  3440 | D:4      | Reached skill level 5 in Long Blades
  3440 | D:4      | Reached XP level 6. HP: 43/48 MP: 6/6
  3440 | D:4      | Reached XP level 7. HP: 49/55 MP: 7/7
  3677 | D:5      | Entered Level 5 of the Dungeon
  3743 | D:5      | Found an iron altar of Okawaru.
  3772 | D:5      | Reached skill level 6 in Long Blades
  3774 | D:5      | Became a worshipper of Warmaster Okawaru
  3974 | D:5      | Got a transparent whip
  3975 | D:5      | Identified the +7 whip of Fulypo Exzo {venom, rC+ rN+} (You found it on level 5 of the Dungeon)
  4026 | D:5      | Reached skill level 1 in Maces & Flails
  4223 | D:5      | Reached XP level 8. HP: 35/61 MP: 8/8
  4394 | D:5      | Reached * piety under Okawaru
  4424 | D:5      | Gained mutation: You have a pair of small antennae on your head. [mutagenic meat]
  4425 | D:5      | Gained mutation: You are weak. (Str -2) [mutagenic meat]
  4426 | D:5      | Gained mutation: Your flesh is cold resistant. [mutagenic meat]
  4427 | D:5      | Gained mutation: You are clumsy. (Dex -2) [mutagenic meat]
  4499 | D:5      | Lost mutation: You are clumsy. (Dex -2) [potion of cure mutation]
  4499 | D:5      | Lost mutation: You have a pair of small antennae on your head. [potion of cure mutation]
  4499 | D:5      | Lost mutation: You are weak. (Str -2) [potion of cure mutation]
  4499 | D:5      | Lost mutation: Your flesh is cold resistant. [potion of cure mutation]
  4587 | D:5      | Reached skill level 5 in Maces & Flails
  5249 | D:5      | Noticed Blork the orc
  5264 | D:5      | Found a deep blue altar of Sif Muna.
  5702 | D:6      | Found a staircase to the Ecumenical Temple.
  5822 | D:6      | Found a shattered altar of Ashenzari.
  6072 | D:6      | Reached skill level 7 in Maces & Flails
  6524 | D:7      | Reached ** piety under Okawaru
  6524 | D:7      | Reached XP level 9. HP: 57/67 MP: 9/9
  6730 | D:7      | Reached skill level 8 in Maces & Flails
  6734 | D:7      | Found Diroagg's Antique Weapon Emporium.
  6769 | D:7      | Bought a shimmering short sword for 280 gold pieces
  6769 | D:7      | Identified the cursed +1 short sword of Tumult {drain, rF+} (You bought it in a shop on level 7 of the Dungeon)
  7544 | D:8      | Noticed Joseph
  7761 | D:8      | Reached skill level 9 in Maces & Flails
  7929 | D:8      | HP: 1/67 [centaur (5)]
  7929 | D:8      | Killed from afar by an orc priest

Vault maps used:
D:1:      lightli_arrival_windingriver, roderic_bipointed_swastika,
          hangedman_decor_diamond_cutter, kennysheep_nondescript
D:2:      grunt_gozag_statues
D:3:      first_bread
D:4:      nemelex_spade_bored_becter, uniq_pikel
D:5:      forest_paths, tgw_sif, okawaru_ov_weapons_minmay
D:6:      lemuel_coloured_pillars_altar, minmay_temple_entry_statues_fountains
D:7:      serial_shops, shop_fountains
D:8:      basic_altar, uniq_joseph, uniq_grum

Action                   |  1- 3 |  4- 6 |  7- 9 || total
-------------------------+-------+-------+-------++-------
Melee: Long sword        |   141 |   166 |     8 ||   315
       Whip              |       |       |   393 ||   393
       Dagger            |       |       |    25 ||    25
Throw: Throwing net      |       |     3 |     1 ||     4
Invok: Heroism           |       |       |     4 ||     4
  Use: Scroll            |       |     8 |     6 ||    14
       Potion            |       |       |     4 ||     4
 Stab: Held in net/web   |       |     1 |       ||     1
  Eat: Bread ration      |     1 |       |       ||     1
       Chunk             |       |     3 |    14 ||    17
       Pizza             |       |       |     1 ||     1
       Beef jerky        |       |       |     1 ||     1
